 Dungeon Crawl Stone Soup version 0.23-a0-446-g036aa52 (webtiles) character file.

10082 Gildeon the Basher (level 11, -5/63 HPs)
             Began as a Gargoyle Fighter on Nov 9, 2018.
             Was a High Priest of the Shining One.
             Engulfed by a fire crab's flame (9 damage)
             ... on level 2 of the Lair of Beasts on Nov 19, 2018.
             The game lasted 00:29:57 (8440 turns).

Gildeon the Basher (Gargoyle Fighter)               Turns: 8440, Time: 00:29:58

Health: -5/63      AC: 24    Str: 26    XL:     11   Next: 56%
Magic:  11/11      EV:  7    Int: 10    God:    the Shining One [*****.]
Gold:   503        SH: 14    Dex: 10    Spells: 8/10 levels left

rFire    + . .     SeeInvis .   a - +3 flail (flame)
rCold    + . .     Gourm    .   c - +1 shield
rNeg     + + +     Faith    .   b - +0 plate armour
rPois    ∞         Spirit   .   z - +0 helmet
rElec    +         Reflect  +   I - +0 cloak
rCorr    +         Harm     .   m - +0 pair of gloves
MR       .....                  (no boots)
Stlth    ..........             k - +2 amulet of reflection
HPRegen  0.20/turn              u - ring of wizardry
MPRegen  0.12/turn              B - ring of wizardry

@: mighty, resistant, glowing
A: negative energy resistance 1, electricity resistance, unbreathing,
petrification resistance, rot immunity, AC +8
a: Divine Shield, Cleansing Flame, Summon Divine Warrior, Renounce Religion


You were on level 2 of the Lair of Beasts.
You worshipped the Shining One.
The Shining One was extremely pleased with you.
You were not hungry.

You visited 3 branches of the dungeon, and saw 11 of its levels.
You also visited: Ossuary.

You collected 503 gold pieces.

Inventory:

Hand Weapons
 a - a +3 flail of flaming (weapon)
Armour
 b - a +0 plate armour (worn)
 c - a +1 shield (worn)
 h - a scarf of cloud immunity
 m - a +0 pair of gloves (worn)
 z - a +0 helmet (worn)
 I - a +0 cloak (worn)
Jewellery
 k - a +2 amulet of reflection (around neck)
 u - a ring of wizardry (left hand)
 B - a ring of wizardry (right hand)
Wands
 q - a wand of disintegration (16)
 t - a wand of acid (13)
 w - a wand of flame (11)
 J - a wand of iceblast (8)
 L - a wand of paralysis (12)
Scrolls
 e - 6 scrolls of teleportation
 g - a scroll of enchant weapon
 p - 4 scrolls of remove curse
 r - 3 scrolls of fog
 s - 2 scrolls of amnesia
 v - a scroll of blinking
 y - 2 scrolls of magic mapping
 A - a scroll of enchant armour
 F - a scroll of fear
Potions
 d - 3 potions of might
 j - 2 potions of cancellation
 l - 3 potions of resistance
 n - 2 potions of lignification
 o - a potion of berserk rage
 x - 3 potions of flight
 D - 3 potions of brilliance {unknown}
 E - 2 potions of heal wounds {unknown}
 G - a potion of invisibility {unknown}
 H - a potion of degeneration {unknown}
Comestibles
 f - 16 rations
 i - 5 chunks of flesh


   Skills:
 - Level 5.0 Fighting
 - Level 14.0 Maces & Flails
 - Level 6.1 Armour
 + Level 4.4 Dodging
 + Level 8.3 Shields


You had 8 spell levels left.
You knew the following spells:

 Your Spells              Type           Power        Failure   Level  Hunger
a - Blink                 Tloc           N/A          97%         2    ###....

Your spell library contained the following spells:

 Spells                   Type           Power        Failure   Level  Hunger
 Magic Dart               Conj           #...         92%         1    ##.....
 Call Imp                 Summ           #.......     97%         2    ###....
 Searing Ray              Conj           #.....       97%         2    ###....
 Shroud of Golubria       Chrm/Tloc      #.........   97%         2    ###....
 Slow                     Hex            #.......     97%         2    ###....
 Conjure Flame            Conj/Fire      #.......     99%         3    ####...
 Dazzling Spray           Conj/Hex       #.....       99%         3    ####...
 Gell's Gravitas          Tloc           #.........   99%         3    ####...
 Lesser Beckoning         Tloc           #.........   99%         3    ####...
 Mephitic Cloud           Conj/Pois/Air  #.......     99%         3    ####...
 Teleport Other           Tloc           #.......     99%         3    ####...
 Force Lance              Conj/Tloc      #.......     100%        4    #####..
 Fulminant Prism          Conj/Hex       #.........   100%        4    #####..
 Iskenderun's Mystic Bla  Conj           #.......     100%        4    #####..
 Passage of Golubria      Tloc           N/A          100%        4    #####..


Dungeon Overview and Level Annotations

Branches:
Dungeon (8/15)             Temple (1/1) D:5            Lair (2/6) D:8
  Swamp: Lair:2-4    Shoals: Lair:2-4     Snake: Lair:2-4    Spider: Lair:2-4

Altars:
Ashenzari
Cheibriados
Dithmenos
Elyvilon
Fedhas
Gozag
Hepliaklqana
Kikubaaqudgha
Makhleb
Nemelex Xobeh
Okawaru
Qazlal
Ru
Sif Muna
Trog
Uskayaw
Vehumet
Wu Jian
Xom
Yredelemnul
Zin
The Shining One

Shops:
D:5 (

Annotations:
Lair:1 2 runed doors, exclusion: 2 oklob plants, Uptarox's ghost, journeyman DECj


Innate Abilities, Weirdness & Mutations

You are resistant to torment.
Your stone body is resilient. (AC +8)
You are immune to poison.
You resist negative energy. (rN+)
You are resistant to electric shocks. (rElec)
You can survive without breathing.
You are immune to petrification.
You are immune to rotting.


Message History

* * * LOW HITPOINT WARNING * * *
The fungus is engulfed in blazing flames.
The fungus is destroyed!
The fire crab bites you but does no damage.
The fire crab claws you but does no damage.
You hit the fire crab.
The fire crab is severely wounded.
You are engulfed in blazing flames.
You resist.
* * * LOW HITPOINT WARNING * * *
Unknown command.
You hit the fire crab but do no damage.
The fire crab is severely wounded.
You are engulfed in blazing flames.
You resist. You block the fire crab's attack.
The fire crab claws you but does no damage.
Unknown command.
You hit the fire crab.
The fire crab is severely wounded.
You are engulfed in blazing flames.
You resist.
You die...

..#.....,,,,,,,,,,,,,,,,,,,,,*
........,,,,,,,,**,***,,,*****
#.......,,,,,,,,**** *****
#.P.#..#....,*,** **♣**** *
P..........,**** *♣♣♣.$,,,**
** P..##*,#...** *♣♣P....,,,,*
*, †...#**#..♣*
♣♣♣§§.....,,,,** *≈ ....# #..♣
♣♣§§t......≈≈≈,,* *≈ +..##
#..♣♣♣♣.§@§.....≈≈≈≈≈≈* *,
#..#####..>♣.P..§§....≈≈≈≈≈≈≈*
**
#.....##.......§≈≈≈..≈≈≈≈≈≈≈≈*
**
..............≈≈≈≈≈≈.≈≈≈≈≈≈≈≈*
*≈
.............≈≈≈≈≈≈≈≈≈≈≈**≈≈≈*
*≈
#............≈≈≈≈≈≈≈≈≈≈≈**≈≈**
*≈
#............≈≈≈≈≈≈≈≈≈≈≈*≈≈≈**
*≈
.............≈≈≈≈≈≈≈≈≈P≈*≈≈≈≈*
**
..............≈≈≈≈≈≈≈≈.≈**≈≈≈*
*


You could see a fire crab.

Vanquished Creatures
  A hydra (D:8)
  2 black mambas (Lair:2)
  4 spiny frogs
  4 komodo dragons
  A hippogriff (D:8)
  2 dream sheep (D:8)
  5 yaks
  2 water moccasins
  7 porcupines
  3 ice beasts
  2 orc warriors (D:7)
  A sky beast (D:5)
  A phantom (D:6)
  A black bear (D:8)
  A necrophage (D:6)
  2 ogres (D:5)
  2 centaurs (D:8)
  3 wolves (D:8)
  3 big kobolds (D:8)
  9 crocodiles
  5 bullfrogs
  A wyvern skeleton (D:8)
  A water moccasin skeleton (D:4)
  5 killer bees (D:7)
  2 howler monkeys
  7 wights
  2 jellies
  5 crimson imps
  A bullfrog zombie (D:6)
  A centaur zombie (D:3)
  4 orc priests
  An orc wizard (D:5)
  A bullfrog skeleton (D:7)
  A centaur skeleton (D:8)
  5 iguanas
  3 worker ants
  A hound skeleton (D:7)
  13 mummies (Ossuary)
  8 gnolls
  A worker ant zombie (D:6)
  8 adders
  3 shadow imps
  An ooze (D:3)
  2 adder zombies
  2 adder skeletons
  3 worms (D:2)
  3 dart slugs
  5 leopard geckos
  29 orcs
  6 giant cockroaches
  3 hobgoblins
  10 jackals
  3 quokkas
  5 bats
  6 frilled lizards
  3 gnoll skeletons (Ossuary)
  5 goblins
  A goblin skeleton (Ossuary)
  A jackal skeleton (D:4)
  4 kobolds
  3 kobold skeletons (Ossuary)
  A leopard gecko skeleton (D:4)
  An orc skeleton (Ossuary)
  2 quokka skeletons
  5 rats
  11 rat skeletons (Ossuary)
250 creatures vanquished.

Vanquished Creatures (others)
  3 bushes (D:8)
  5 fungi
  17 plants (D:8)
  14 toadstools (Lair:2)
39 creatures vanquished.

Grand Total: 289 creatures vanquished

Notes
Turn   | Place    | Note
-------+----------+-------------------------------------------
     0 | D:1      | Gildeon the Gargoyle Fighter began the quest for the Orb.
     0 | D:1      | Reached XP level 1. HP: 14/14 MP: 1/1
   149 | D:1      | Reached XP level 2. HP: 15/19 MP: 2/2
   643 | D:2      | Reached skill level 3 in Maces & Flails
   701 | D:2      | Reached XP level 3. HP: 18/23 MP: 3/3
   954 | D:2      | Reached skill level 4 in Maces & Flails
  1533 | D:2      | Reached XP level 4. HP: 28/28 MP: 4/4
  1839 | D:3      | Found a sparkling altar of Nemelex Xobeh.
  2035 | D:3      | Reached skill level 5 in Maces & Flails
  2035 | D:3      | Reached XP level 5. HP: 27/32 MP: 5/5
  2416 | D:4      | Noticed an ice beast
  2429 | D:4      | Reached skill level 6 in Maces & Flails
  2429 | D:4      | Reached XP level 6. HP: 33/37 MP: 6/6
  2439 | D:4      | Killed an ice beast
  2524 | D:4      | Upgraded the game from 0.23-a0-416-g33f1def to
                  | 0.23-a0-446-g036aa52
  2647 | D:4      | Reached skill level 7 in Maces & Flails
  2954 | D:5      | Entered Level 5 of the Dungeon
  3023 | D:5      | Reached XP level 7. HP: 21/41 MP: 7/7
  3029 | D:5      | Found a staircase to the Ecumenical Temple.
  3061 | Temple   | Entered the Ecumenical Temple
  3073 | Temple   | Became a worshipper of the Shining One
  3277 | D:5      | Reached skill level 8 in Maces & Flails
  3548 | D:5      | Found Ipeariv's Antique Weapon Emporium.
  3661 | D:5      | Reached skill level 9 in Maces & Flails
  3681 | D:5      | Reached XP level 8. HP: 33/46 MP: 8/8
  4397 | D:6      | Found an opulent altar of Gozag.
  4397 | D:6      | Found a deep blue altar of Sif Muna.
  4477 | D:6      | Reached skill level 10 in Maces & Flails
  4545 | D:6      | Reached * piety under the Shining One
  4872 | D:6      | Reached skill level 11 in Maces & Flails
  4923 | D:6      | Learned a level 2 spell: Blink
  4994 | D:6      | Found a shattered altar of Ashenzari.
  4994 | D:6      | Found an ancient bone altar of Kikubaaqudgha.
  4994 | D:6      | Found a burning altar of Makhleb.
  4996 | D:6      | Found a radiant altar of Vehumet.
  5001 | D:6      | Found an ornate altar of the Wu Jian Council.
  5127 | D:7      | Reached XP level 9. HP: 51/51 MP: 9/9
  5238 | D:7      | Reached ** piety under the Shining One
  5258 | D:7      | Reached skill level 12 in Maces & Flails
  5339 | D:7      | Found a sand-covered staircase.
  5344 | Ossuary  | Entered an ossuary
  5445 | Ossuary  | Reached *** piety under the Shining One
  5513 | Ossuary  | Reached **** piety under the Shining One
  6169 | D:8      | Reached skill level 13 in Maces & Flails
  6201 | D:8      | Reached XP level 10. HP: 35/56 MP: 10/10
  6378 | D:8      | Reached skill level 14 in Maces & Flails
  6417 | D:8      | Reached ***** piety under the Shining One
  6438 | D:8      | Reached skill level 5 in Fighting
  6449 | D:8      | Found a staircase to the Lair.
  6540 | D:8      | Noticed a two-headed hydra
  6547 | D:8      | Killed a two-headed hydra
  6705 | D:8      | Found a deep blue altar of Sif Muna.
  6831 | Lair:1   | Entered Level 1 of the Lair of Beasts
  6876 | Lair:1   | Reached skill level 5 in Shields
  6892 | Lair:1   | Found a large runed door.
  6896 | Lair:1   | Found a large runed door.
  6921 | Lair:1   | Noticed a spiny frog
  6930 | Lair:1   | Killed a spiny frog
  6930 | Lair:1   | Reached skill level 1 in Dodging
  6930 | Lair:1   | Reached XP level 11. HP: 30/63 MP: 11/11
  7306 | Lair:1   | HP: 2/63 [komodo dragon (8)]
  7699 | Lair:1   | The Shining One protects you from harm!
  7892 | Lair:1   | Noticed an oklob plant
  8095 | Lair:1   | Noticed Uptarox's ghost (journeyman DECj)
  8126 | Lair:1   | Noticed an oklob plant
  8425 | Lair:2   | Noticed a fire crab
  8438 | Lair:2   | HP: 3/63 [fire crab] (7)]
  8440 | Lair:2   | Engulfed by a fire crab's flame

Vault maps used:
D:1:      dpeg_arrival_pits
D:2:      first_ration, minmay_bisected
D:3:      nemelex_xobeh_ov_fountains_minmay
D:4:      minmay_vboxes
D:5:      minmay_temple_entry_sparse_star, serial_shops, kennysheep_little_box
D:6:      grunt_temple_overflow_open
D:7:      nicolae_ossuary_entry_false_entrances
D:8:      minmay_lair_entry_grove, hangedman_ranch,
          chequers_serial_rivers_small_b, lemuel_blue_sif_altar
Temple:   eino_wide_crystal_templ
Lair:1:   ebering_ghost_disaster_area, st_stairs_13,
          chequers_serial_rivers_marsh, minmay_lair_oklob_chamber
Lair:2:   gammafunk_lair_enchanted_lake
Ossuary:  ossuary_due_small_catacomb

Skill      XL: |  1  2  3  4  5  6  7  8  9 10 11 |
---------------+----------------------------------+-----
Maces & Flails | 3 4 5 6 7 9 11 13 14 | 14.0
Fighting       | 5 |  5.0
Armour         | 6 |  6.1
Shields        | 6 8 |  8.3
Dodging        | 1 4 |  4.4

Action                   |  1- 3 |  4- 6 |  7- 9 | 10-12 || total
-------------------------+-------+-------+-------+-------++-------
Melee: Flail             |   119 |   237 |   400 |   220 ||   976
  Use: Scroll            |     3 |    10 |     8 |     4 ||    25
       Potion            |       |       |       |     5 ||     5
  Eat: Chunk             |     2 |     5 |     9 |     3 ||    19
       Ration            |       |       |     1 |     1 ||     2
Armor: Scale mail        |    41 |       |       |       ||    41
       Chain mail        |    14 |       |       |       ||    14
       Plate armour      |     3 |   170 |   182 |    76 ||   431
Dodge: Dodged            |    32 |    31 |    40 |    23 ||   126
Block: Shield            |    50 |   177 |   241 |   116 ||   584
       Reflection        |       |     1 |     8 |       ||     9

Table legend:
 A = Non-vault XP
 B = Vault XP
 C = Vault XP percentage of total XP
 D = Non-vault monster count
 E = Vault monster count
 F = Vault count percentage of total count
                 A         B        C        D         E       F
            +---------+---------+-------+---------+---------+-------
      Total |   10318 |    4086 |  28.4 |     187 |      63 |  25.2
            +---------+---------+-------+---------+---------+-------
        D:1 |      15 |       0 |   0.0 |      11 |       0 |   0.0
        D:2 |      56 |      25 |  30.9 |      15 |       4 |  21.1
        D:3 |      97 |       0 |   0.0 |      20 |       0 |   0.0
        D:4 |     153 |     221 |  59.1 |      19 |       6 |  24.0
        D:5 |     883 |       0 |   0.0 |      27 |       0 |   0.0
        D:6 |     880 |       0 |   0.0 |      24 |       0 |   0.0
        D:7 |    1024 |       0 |   0.0 |      24 |       0 |   0.0
        D:8 |    1012 |    3362 |  76.9 |      20 |      19 |  48.7
     Lair:1 |    4194 |     109 |   2.5 |      20 |       1 |   4.8
     Lair:2 |    2004 |     115 |   5.4 |       7 |       1 |  12.5
    Ossuary |       0 |     254 | 100.0 |       0 |      32 | 100.0
            +---------+---------+-------+---------+---------+-------
